 Dungeon Crawl Stone Soup version 0.21-a0-401-g0b6bec4 (webtiles) character file.

54 Detram the Skirmisher (level 3, -6/31 HPs)
             Began as a Draconian Monk on Oct 23, 2017.
             Mangled by an iguana (9 damage)
             ... on level 2 of the Dungeon.
             The game lasted 00:05:31 (1596 turns).

Detram the Skirmisher (Draconian Monk)              Turns: 1596, Time: 00:05:32

Health: -6/31      AC:  6    Str: 14    XL:     3   Next: 66%
Magic:  3/3        EV: 13    Int: 10    God:
Gold:   89         SH:  0    Dex: 13    Spells: 2/2 levels left

rFire    . . .     SeeInvis .     - Unarmed
rCold    . . .     Gourm    .   (no shield)
rNeg     . . .     Faith    .   (armour unavailable)
rPois    .         Spirit   .   (helmet restricted)
rElec    .         Reflect  .   (no cloak)
rCorr    .         Harm     .   f - +0 pair of gloves
MR       .....                  (no boots)
Stlth    ++........             (no amulet)
HPRegen  0.10/turn              (no ring)
MPRegen  0.08/turn              (no ring)

@: no status effects
A: unfitting armour, cold-blooded, AC +5
a: no special abilities


You were on level 2 of the Dungeon.
You were not hungry.

You visited 1 branch of the dungeon, and saw 2 of its levels.

You collected 89 gold pieces.

Inventory:

Armour
 f - a +0 pair of gloves (worn)
Scrolls
 d - 3 scrolls of magic mapping {unknown}
 e - a scroll of noise {unknown}
 i - a scroll of teleportation
 j - a scroll of identify
Potions
 c - 2 potions of brilliance
 h - a potion of ambrosia {unknown}
Comestibles
 a - a bread ration
 b - 7 chunks of flesh
 g - a meat ration


   Skills:
 + Level 3.6 Fighting
 * Level 3.3 Dodging
 + Level 2.2 Stealth
 * Level 3.6 Unarmed Combat


You had 2 spell levels left.
You didn't know any spells.

Dungeon Overview and Level Annotations

Branches:
Dungeon (2/15)

Altars:
Yredelemnul


Innate Abilities, Weirdness & Mutations

Your plain brown scales are hard. (AC +5)
You cannot fit into any form of body armour.
You are cold-blooded and may be slowed by cold attacks.


Message History

You hit the iguana.
The iguana is moderately wounded.
The iguana misses you.
You punch the iguana! You tail-slap the iguana.
The iguana is severely wounded.
The iguana barely misses you.
You hit the iguana but do no damage.
The iguana is severely wounded.
You closely miss the iguana.
The iguana is severely wounded.
The iguana bites you.
* * * LOW HITPOINT WARNING * * *
You hit the iguana but do no damage.
Your tail-slap misses the iguana.
The iguana is severely wounded.
The iguana bites you.
* * * LOW HITPOINT WARNING * * *
You hit the iguana but do no damage.
The iguana is severely wounded.
The iguana bites you!
You die...

##### ##...## ##.....##
#.......# ### #
######.......# ......
#...##.......##.#...#
#...###.....^.....# #
#...##.......@l# ##
#....#.......###
.###............#
.##....###.....## ..#.#..#
##....# #...##.# ###..##
.....#.######...### #
#.##.#.##.........## .#
#....#..#..........#####.#


You could see an iguana.

Vanquished Creatures
  An adder (D:2)
  4 dart slugs (D:1)
  A leopard gecko (D:1)
  2 giant cockroaches (D:1)
  4 goblins
  3 hobgoblins
  2 quokkas (D:1)
  2 bats
  3 frilled lizards
  6 kobolds
  11 rats (D:1)
39 creatures vanquished.

Notes
Turn   | Place    | Note
-------+----------+-------------------------------------------
     0 | D:1      | Detram the Draconian Monk began the quest for the Orb.
     0 | D:1      | Reached XP level 1. HP: 19/19 MP: 1/1
   137 | D:1      | Reached XP level 2. HP: 13/26 MP: 2/2
  1019 | D:1      | Reached XP level 3. HP: 25/31 MP: 3/3
  1424 | D:2      | Found a basalt altar of Yredelemnul.
  1596 | D:2      | Mangled by an iguana

Vault maps used:
D:1:      onia_arrival_larder
D:2:      led_sif_pool, overflow_temple_1_default

Skill      XL: |  1  2 |
---------------+-------+-----
Dodging        | 3 |  3.3
Stealth        | 2 |  2.2
Fighting       | |  3.6
Unarmed Combat | |  3.6

Action                   || total
-------------------------++-------
Melee: Unarmed           ||   168
       Tailslap          ||    14
       Punch             ||     3
  Use: Scroll            ||     5
 Stab: Sleeping          ||     8
  Eat: Chunk             ||     2
Armor: Skin              ||    51
Dodge: Dodged            ||   112

Table legend:
 A = Spawn XP
 B = Non-spawn XP
 C = Spawn XP percentage of total XP
 D = Spawn monster count
 E = Non-spawn monster count
 F = Spawn count percentage of total count
 G = Total turns spent on level
                    A         B        C        D         E        F      G
               +---------+---------+-------+---------+---------+-------+---------
         Total |       0 |      78 |   0.0 |       0 |      39 |   0.0 |  1596
               +---------+---------+-------+---------+---------+-------+---------
           D:1 |       0 |      54 |   0.0 |       0 |      31 |   0.0 |  1256
           D:2 |       0 |      24 |   0.0 |       0 |       8 |   0.0 |   340
               +---------+---------+-------+---------+---------+-------+---------
